 Dungeon Crawl Stone Soup version 0.30.0-15-g856e2d3f33 (webtiles) character file.

Game seed: 6934834168957113075

144 Kenran the Slasher (level 5, -1/42 HPs)
             Began as a Minotaur Gladiator on May 18, 2023.
             Was an Initiate of Cheibriados.
             Slain by a gnoll
             ... wielding a +0 halberd
             ... led by a gnoll bouda
              (10 damage)
             ... on level 3 of the Dungeon.
             The game lasted 00:02:53 (1616 turns).

Kenran the Slasher (Minotaur Gladiator)             Turns: 1616, Time: 00:02:53

Health: -1/42      AC: 10    Str: 19    XL:     5   Next: 5%
Magic:  4/4        EV:  6    Int:  6    God:    Cheibriados [......]
Gold:   159        SH:  0    Dex: 15    Spells: 4/4 levels left

rFire   . . .        a - +1 long sword
rCold   . . .        (no shield)
rNeg    . . .        t - +0 plate armour
rPois   .            c - +0 hat
rElec   .            (no cloak)
rCorr   +            (no gloves)
SInv    .            (no boots)
Will    .....        (no amulet) Stlth
                     q - ring of resist corrosion
HPRegen 0.27/turn    (no ring)
MPRegen 0.09/turn

%: no passive effects
@: very slow
A: horns 2, retaliatory headbutt
a: Renounce Religion


You were on level 3 of the Dungeon.
You worshipped Cheibriados.
Cheibriados was noncommittal.
You visited 1 branch of the dungeon, and saw 3 of its levels.

You collected 159 gold pieces.

Inventory:

Hand Weapons
 a - a +1 long sword (weapon)
 j - a +0 dagger of draining
Missiles
 d - 3 throwing nets (quivered)
 e - a javelin
Armour
 c - a +0 hat (worn)
 t - a +0 plate armour (worn)
Jewellery
 q - a ring of resist corrosion (left hand)
 s - an amulet of faith {!P}
Scrolls
 f - a scroll of teleportation {unknown}
 g - 3 scrolls of identify {unknown}
 h - a scroll of enchant weapon
 i - 3 scrolls of noise {unknown}
 k - a scroll of acquirement {unknown}
 m - a scroll of fog {unknown}
 o - a scroll of blinking {unknown}
 p - a scroll of silence {unknown}
Potions
 n - a potion of curing {unknown}
 r - a potion of invisibility {unknown}


   Skills:
 - Level 2.4 Fighting
 + Level 7.0 Long Blades
 - Level 2.0 Throwing
 - Level 3.2 Dodging


You had 4 spell levels left.
You didn't know any spells.
Your spell library contained the following spells:

 Spells                   Type           Power      Damage    Failure   Level
 Lesser Beckoning         Tloc           0%         N/A       100%        2
 Gell's Gravitas          Tloc           0%         N/A       100%        3
 Teleport Other           Tloc           0%         N/A       100%        3


Dungeon Overview and Level Annotations

Branches:
Dungeon (3/15)

Altars:
Cheibriados


Innate Abilities, Weirdness & Mutations

You have a pair of horns on your head.
You reflexively headbutt those who attack you in melee.


Message History

You climb downwards.
Found a stone staircase leading down.
There is a stone staircase leading up here.
You open the door.
There is an open door here.
You open the door.
There is an open door here.
A gnoll bouda and 2 gnolls come into view.
The gnoll bouda shouts!
The gnoll shouts! x2; You hear a shout!
You hear an angry hiss.
You hear a shout!
The gnoll bouda barks out a call to the hunt!
The gnolls pick up the pace!
A gnoll comes into view. It is wielding a +0 halberd.
There is an open door here.
You barely miss the gnoll. The gnoll hits you but does no damage.
You slash the gnoll!
You kill the gnoll!
Cheibriados appreciates the change of pace.
You hit the gnoll.
The gnoll is moderately wounded.
The gnoll barely misses you.
You slash the gnoll!
You kill the gnoll!
Cheibriados appreciates the change of pace.
Your Long Blades skill increases to level 7!
You have reached level 5!
The gnoll hits you from afar with a +0 halberd.
The gnoll bouda hits you with a +0 whip!
The gnoll hits you from afar with a +0 halberd!
Things that are here:
a +0 flail; a +0 whip; a gnoll corpse You are too injured to fight recklessly!
You closely miss the gnoll bouda. Your headbutt misses the gnoll bouda.
The gnoll bouda hits you with a +0 whip.
The gnoll hits you from afar with a +0 halberd.
You hit the gnoll bouda but do no damage.
The gnoll bouda hits you with a +0 whip.
* * * LOW HITPOINT WARNING * * *
The gnoll hits you from afar with a +0 halberd!
You die...

#....######
#....#....#
g.gg.#....#+###
...............
....g.......... .
...............
..............>...
#...#####........
+......@gg.......
+....####........
..... #..'.....###
......#+##.....#
.........<.....#
...............# .
........#+#.....
.######## ..≈≈≈
..§§.


You could see a gnoll bouda and a gnoll (swift).

Vanquished Creatures
  Jessica (D:2)
  Robin (D:2)
  2 gnolls (D:3)
  4 adders (D:2)
  A bat (D:2)
  6 endoplasms
  4 giant cockroaches
  3 hobgoblins
  6 kobolds (D:1)
  3 quokkas
  A ball python (D:1)
  2 frilled lizards (D:1)
  12 goblins
  5 rats
51 creatures vanquished.

Notes
Turn   | Place    | Note
-------+----------+-------------------------------------------
     0 | D:1      | Kenran the Minotaur Gladiator began the quest for the Orb.
     0 | D:1      | Reached XP level 1. HP: 18/18 MP: 0/0
    43 | D:1      | Found a faded altar of an unknown god.
    84 | D:1      | Reached skill level 4 in Long Blades
   154 | D:1      | Reached XP level 2. HP: 25/25 MP: 1/1
   565 | D:1      | Reached skill level 5 in Long Blades
   573 | D:1      | Reached XP level 3. HP: 30/30 MP: 2/2
   749 | D:2      | Found a snail-covered altar of Cheibriados.
   758 | D:2      | Noticed Robin
   791 | D:2      | HP: 2/45 [Robin/+0 dagger (2)]
   797 | D:2      | Killed Robin
   937 | D:2      | Became a worshipper of Cheibriados the Contemplative
   980 | D:2      | Reached skill level 6 in Long Blades
   980 | D:2      | Reached XP level 4. HP: 37/37 MP: 3/3
  1194 | D:2      | Noticed Jessica
  1198 | D:2      | Killed Jessica
  1614 | D:3      | Reached skill level 7 in Long Blades
  1614 | D:3      | Reached XP level 5. HP: 42/42 MP: 4/4
  1616 | D:3      | Slain by a gnoll

Illustrated notes

Levels and vault maps discovered:
D:1:      dpeg_arrival_shelter, layout_loops_ring,
          shapermc_ecumenical_altar_pompeii
D:2:      layout_loops_ring, basic_altar, minivault_5, kennysheep_jessica_study,
          uniq_robin
D:3:      layout_basic, mainiacjoe_overflow_brackets,
          nicolae_overflow_hidden_temple, minmay_goblin_kobold_house,
          uniq_terence

Skill      XL: |  1  2  3  4 |
---------------+-------------+-----
Long Blades    | 4 5 6 7 |  7.0
Fighting       | |  2.4
Throwing       | |  2.0
Dodging        | |  3.2

Action                     |  1- 3 |  4- 6 || total
---------------------------+-------+-------++-------
  Melee: Long sword        |    91 |    20 ||   111
         Headbutt          |     9 |     3 ||    12
         Punch             |     1 |       ||     1
    Use: Scroll            |     1 |       ||     1
         Potion            |     1 |       ||     1
 Armour: Leather armour    |     7 |       ||     7
         Chain mail        |    56 |     8 ||    64
         Skin              |    13 |       ||    13
         Plate armour      |       |     1 ||     1
  Dodge: Dodged            |    53 |     3 ||    56
